 Dungeon Crawl Stone Soup version 0.30-a0-141-g30f27751c5 (webtiles) character file.

Game seed: 3810342514507916956

282 themarg the Grasshopper (level 6, -1/50 HPs)
             Began as a Palentonga Warper on Sept 25, 2022.
             Was a Believer of Jiyva.
             Slain by an iguana (11 damage)
             ... on level 4 of the Dungeon.
             The game lasted 00:10:08 (3430 turns).

themarg the Grasshopper (Palentonga Warper)         Turns: 3430, Time: 00:10:09

Health: -1/50      AC:  4    Str: 16    XL:     6   Next: 6%
Magic:  10/10      EV:  9    Int: 15    God:    Jiyva [**....]
Gold:   128        SH:  0    Dex: 10    Spells: 9/11 levels left

rFire   + . .      SeeInvis +    a - +0 hand axe
rCold   . . .      Faith    .    (no shield)
rNeg    . . .      Spirit   .    b - +0 leather armour
rPois   .          Reflect  .    (no helmet)
rElec   .          Harm     .    (no cloak)
rCorr   +          Rampage  .    (no gloves)
Will    .....                    (no barding)
Stlth   +.........               (no amulet)
HPRegen 1.12/turn                m - ring of wizardry
MPRegen 0.42/turn                p - ring of protection from fire

@: studying Dodging
A: large, rugged brown scales 3, see invisible, deformed body, roll 1, armoured
tail
a: Rolling Charge, Renounce Religion


You were on level 4 of the Dungeon.
You worshipped Jiyva.
Jiyva was pleased with you.
You visited 1 branch of the dungeon, and saw 4 of its levels.

You collected 128 gold pieces.

Inventory:

Hand Weapons
 a - a +0 hand axe (weapon)
Missiles
 d - 3 boomerangs of dispersal (quivered)
 i - 3 javelins
Armour
 b - a +0 leather armour (worn)
 k - a +0 kite shield
Jewellery
 m - a ring of wizardry (left hand)
 p - a ring of protection from fire (right hand)
 r - the ring of Antuppi {Contam rPois rN+ Int-2 Slay+4}
   (You found it on level 3 of the Dungeon)

   [ring of positive energy]

   Int:       It affects your intelligence (-2).
   Slay:      It affects your accuracy & damage with ranged weapons and melee
   (+4).
   rPois:     It protects you from poison.
   rN:        It protects you from negative energy.
   Contam:    It causes magical contamination when unequipped.
Wands
 q - a wand of flame (10)
Scrolls
 c - 2 scrolls of blinking
 e - a scroll of teleportation {unknown}
 h - 3 scrolls of identify {unknown}
 s - a scroll of amnesia {unknown}
Potions
 f - 3 potions of brilliance {unknown}
 g - a potion of resistance {unknown}
 j - a potion of invisibility {unknown}
 n - 2 potions of heal wounds {unknown}
 o - 2 potions of mutation {unknown}
 t - a potion of degeneration {unknown}
 u - 2 potions of berserk rage {unknown}


   Skills:
 + Level 3.2 Fighting
 + Level 3.2 Axes
 - Level 0.6 Throwing
 - Level 0.7 Armour
 + Level 2.6 Dodging
 + Level 1.5 Stealth
 + Level 3.0 Spellcasting
 + Level 3.9 Translocations


You had 9 spell levels left.
You knew the following spells:

 Your Spells              Type           Power      Damage    Failure   Level
a - Blink                 Tloc           28%        N/A       3%          2

Your spell library contained the following spells:

 Spells                   Type           Power      Damage    Failure   Level
 Gell's Gravitas          Tloc           14%        N/A       6%          3
 Lesser Beckoning         Tloc           14%        N/A       6%          3
 Teleport Other           Tloc           14%        N/A       6%          3
 Portal Projectile        Hex/Tloc       16%        N/A       13%         3
 Manifold Assault         Tloc           14%        N/A       19%         4
 Call Canine Familiar     Summ           2%         N/A       28%         3
 Leda's Liquefaction      Hex/Erth       1%         N/A       65%         4


Dungeon Overview and Level Annotations

Branches:
Dungeon (4/15)
 Temple: D:4-7

Altars:
Ashenzari
Jiyva

Shops:
D:2 [   D:4 (

Annotations:
D:3 1 runed translucent door, Crazy Yiuf, Pargi, Sigmund


Innate Abilities, Weirdness & Mutations

You are completely covered in rugged brown scales. (AC +3, +7% HP)
You have supernaturally acute eyesight. (SInv)
Armour fits poorly on your strangely shaped body.
You can roll at nearby foes to attack.
You have a long armoured tail.


Message History

You hear a distant slurping noise.
You hear a distant slurping noise.
You hear a distant slurping noise.
You hear a distant slurping noise.
You hear a distant slurping noise.
You hear a distant slurping noise.
Found a stone staircase leading down.
Found a stone staircase leading up.
You swap places.
Found a scale mail.
An iguana comes into view.
The iguana hisses angrily.
The iguana bites you!
There is an open door, spattered with blood here.
You hit the iguana.
The iguana is lightly wounded.
You barely miss the iguana. You punch the iguana, but do no damage.
The iguana is lightly wounded.
The iguana bites you!
You barely miss the iguana.
The iguana is lightly wounded.
The iguana barely misses you. The iguana bites you!
You hit the iguana but do no damage. You tail-slap the iguana!
The iguana is heavily wounded.
The iguana bites you!
* * * LOW HITPOINT WARNING * * *
Throw: 2 darts (atropa)
Press: ? - help, Q - select action, (/) - cycle Shift-Dir - straight line, f - iguana
Aim: an iguana (heavily wounded, 60% to hit, chance to blind on hit: 80%)
You throw an atropa-tipped dart.
The atropa-tipped dart closely misses the iguana.
The iguana bites you.
* * * LOW HITPOINT WARNING * * *
Throw: dart (atropa)
Press: ? - help, Q - select action, (/) - cycle Shift-Dir - straight line, f/p - iguana
Aim: an iguana (heavily wounded, 60% to hit, chance to blind on hit: 80%)
You throw an atropa-tipped dart.
The atropa-tipped dart barely misses the iguana.
The iguana bites you!
You die...

##......## #
##......## #
##......###
##......## ##
###......# ###.
###......#.# #(.
###......###.#
#l###......###...#
#@#......###....##
#......###....#..#
#......###...##.##.#
#.#..###...#..#..#.#
[..####
############# ###


You could see an iguana.

Vanquished Creatures
  Grinder (D:3)
  3 adders (D:3)
  A dart slug (D:4)
  5 endoplasms
  2 giant cockroaches
  10 goblins
  2 hobgoblins (D:1)
  2 jackals (D:1)
  2 quokkas
  9 ball pythons
  6 bats
  3 frilled lizards
  2 kobolds
  6 rats
54 creatures vanquished.

Vanquished Creatures (others)
  A phantom (D:4)
  2 jellies (D:4)
  4 adders (D:4)
  2 orcs (D:4)
  A giant cockroach (D:3)
  2 hobgoblins
  A quokka (D:4)
  A kobold (D:4)
14 creatures vanquished.

Grand Total: 68 creatures vanquished

Notes
Turn   | Place    | Note
-------+----------+-------------------------------------------
     0 | D:1      | themarg the Palentonga Warper began the quest for the Orb.
     0 | D:1      | Reached XP level 1. HP: 17/17 MP: 3/3
   380 | D:1      | Reached XP level 2. HP: 19/23 MP: 5/5
   450 | D:1      | Learned a level 2 spell: Blink
   971 | D:1      | Reached XP level 3. HP: 29/29 MP: 6/6
  1517 | D:2      | Found a faded altar of an unknown god.
  1821 | D:2      | Found Xeduatedi's Armour Boutique.
  2223 | D:2      | Prayed at the altar of an unknown god.
  2223 | D:2      | Became a worshipper of Jiyva Jumil the Shapeless
  2223 | D:2      | Reached * piety under Jiyva
  2402 | D:3      | Identified the ring of Antuppi {Contam rPois rN+ Int-2
                  | Slay+4}
  2428 | D:3      | Reached XP level 4. HP: 36/36 MP: 7/7
  2444 | D:3      | Reached skill level 1 in Stealth
  2471 | D:3      | Noticed Pargi
  2482 | D:3      | Found a broken altar of Ashenzari.
  2539 | D:3      | Noticed Grinder
  2558 | D:3      | Killed Grinder
  2559 | D:3      | Reached XP level 5. HP: 32/43 MP: 7/9
  2559 | D:3      | Reached XP level 6. HP: 37/50 MP: 7/10
  2635 | D:3      | Reached ** piety under Jiyva
  2737 | D:3      | Found a runed translucent door.
  2738 | D:3      | Noticed Crazy Yiuf
  2927 | D:3      | Noticed Sigmund
  3154 | D:4      | Found Anacku's Weapon Emporium.
  3430 | D:4      | Slain by an iguana

Illustrated notes

Levels and vault maps discovered:
D:1:      minmay_arrival_four_houses, layout_loops_ring,
          chequers_serial_rivers_large_a, hangedman_feature_mirror
D:2:      layout_basic, serial_shops, shop, ebering_ecumenical_altar_abandoned,
          minmay_domino_2
D:3:      layout_loops_ring, mainiacjoe_overflow_chevrons,
          uniq_crazy_yiuf_cottage, uniq_sigmund, uniq_grinder, uniq_pargi
D:4:      minmay_razor_zed, layout_basic, nicolae_stop_n_shop_1,
          minmay_misc_feat_tiny

Skill      XL: |  1  2  3  4 |
---------------+-------------+-----
Stealth        | 1 |  1.5
Fighting       | 3 |  3.2
Axes           | 3 |  3.2
Dodging        | 2 |  2.6
Spellcasting   | 3 |  3.0
Throwing       | |  0.6
Armour         | |  0.7
Translocations | |  3.9

Action                   |  1- 3 |  4- 6 || total
-------------------------+-------+-------++-------
Melee: Hand axe          |   142 |    27 ||   169
       Tailslap          |    11 |     6 ||    17
       Punch             |     1 |     1 ||     2
Throw: Boomerang         |       |     4 ||     4
       Dart              |       |     5 ||     5
 Abil: Rolling Charge    |     1 |     1 ||     2
Armor: Leather armour    |    59 |     9 ||    68
Dodge: Dodged            |    83 |     7 ||    90

Table legend: (Time is in decaauts)
 A = Elapsed time spent in this place.
 B = Non-inter-level travel time spent in this place.
 C = Inter-level travel time spent in this place.
 D = Time resting spent in this place.
 E = Time spent auto-exploring this place.
 F = Levels seen in this place.
 G = Mean time per level.
                   A        B        C        D        E       F      G
               +--------+--------+--------+--------+--------+-----+--------+
         Total |   3475 |   3315 |    160 |    257 |   2550 |   4 |  868.8 |
       Dungeon |   3475 |   3315 |    160 |    257 |   2550 |   4 |  868.8 |
               +--------+--------+--------+--------+--------+-----+--------+

Top non-repeatable levels by time:
     D:1: 1323 daAuts
     D:2: 1065 daAuts
     D:3: 809 daAuts
     D:4: 277 daAuts
